 Dungeon Crawl Stone Soup version 0.29.1-2-gbd0b4ee654 (webtiles) character file.

Game seed: 10881684317439472708

413 zdrol the Cudgeller (level 6, 0/78 HPs)
             Began as a Minotaur Monk on Nov 26, 2022.
             Was a Believer of Okawaru.
             Succumbed to a scorpion's poison
             ... on level 6 of the Dungeon.
             The game lasted 00:12:04 (2594 turns).

zdrol the Cudgeller (Minotaur Monk)                 Turns: 2594, Time: 00:12:04

Health: 0/78       AC: 23    Str: 15    XL:     6   Next: 59%
Magic:  5/5        EV:  2    Int:  7    God:    Okawaru [**....]
Gold:   78         SH:  0    Dex: 15    Spells: 5/5 levels left

rFire   . . .      SeeInvis .   j - +4 flail "Oxis" {vorpal, rElec rN+}
rCold   . . .      Faith    .   (no shield)
rNeg    + . .      Spirit   .   (body armour currently unavailable)
rPois   +          Reflect  .   (helmet currently unavailable)
rElec   +          Harm     .   (cloak currently unavailable)
rCorr   .          Rampage  .   (gloves currently unavailable)
Will    .....      NoTele   +   (boots currently unavailable)
Stlth   ++........              (no amulet)
HPRegen 0.23/turn               r - ring of poison resistance
MPRegen 0.09/turn               (no ring)

@: mighty, lethally poisoned (0 -> -1), tree-form
A: stationary, stasis, torment immunity, boosted hp, (horns 2), (retaliatory
headbutt)
a: Renounce Religion, Heroism


You were on level 6 of the Dungeon.
You worshipped Okawaru.
Okawaru was pleased with you.
You were a tree.
You visited 1 branch of the dungeon, and saw 6 of its levels.

You collected 78 gold pieces.

Inventory:

Hand Weapons
 a - a +0 hand axe
 j - the +4 flail "Oxis" (weapon) {vorpal, rElec rN+}
   (You found it on level 2 of the Dungeon)

   It inflicts extra damage upon your enemies.
   rElec:     It insulates you from electricity.
   rN:        It protects you from negative energy.
 p - a +2 dagger of venom
Armour
 b - a +0 robe (melded)
 e - a +0 pair of gloves (melded)
 i - a +0 pair of gloves
Jewellery
 m - a ring of magical power
 r - a ring of poison resistance (left branch)
Scrolls
 g - a scroll of amnesia {unknown}
 h - a scroll of enchant armour {unknown}
 k - a scroll of poison {unknown}
 o - 2 scrolls of immolation {unknown}
 s - a scroll of butterflies {unknown}
 t - a scroll of summoning {unknown}
 v - a scroll of fear
 w - a scroll of vulnerability {unknown}
Potions
 c - a potion of ambrosia
 d - a potion of might
 f - a potion of cancellation {unknown}
 l - a potion of magic {unknown}
 n - 2 potions of attraction {unknown}
 q - a potion of lignification
 u - a potion of heal wounds {unknown}


   Skills:
 - Level 4.0 Fighting
 - Level 4.2(6.3) Axes
 * Level 7.3(7.9) Maces & Flails
 - Level 3.6 Dodging
 - Level 1.7 Stealth


You had 5 spell levels left.
You didn't know any spells.
Your spell library was empty.

Dungeon Overview and Level Annotations

Branches:
Dungeon (6/15)
 Temple: D:4-7

Altars:
Elyvilon
Okawaru


Innate Abilities, Weirdness & Mutations

You are a tree.
Your roots penetrate the ground, keeping you stationary.
You cannot be teleported.
You are immune to unholy pain and torment.
Your maximum health is greatly increased.
Your equipment is partially melded.
((You have a pair of horns on your head.))
((You reflexively headbutt those who attack you in melee.))


Message History

The scorpion is severely wounded.
The scorpion stings you.
* * * LOW HITPOINT WARNING * * *
You are lethally poisoned!
The scorpion poisons you!
You closely miss the scorpion.
The scorpion is severely wounded.
* * * LOW HITPOINT WARNING * * *
You feel very sick. The scorpion barely misses you. You furiously retaliate!
You headbutt the scorpion, but do no damage.
You sock the scorpion!
You kill the scorpion!
Okawaru accepts your kill.
* * * LOW HITPOINT WARNING * * *
You feel sick.
Your Maces & Flails skill increases to level 7!
There is a lethal amount of poison in your body!
* * * LOW HITPOINT WARNING * * *
You feel sick.
You see here a scorpion corpse.
It was a potion of might.
You feel very mighty all of a sudden.
* * * LOW HITPOINT WARNING * * *
You feel sick.
It was a potion of lignification.
You turn into a tree.
Your +0 pair of gloves melds into your body.
Your +0 robe melds into your body.
Your roots penetrate the ground.
* * * LOW HITPOINT WARNING * * *
You feel sick.
There is a lethal amount of poison in your body!
You cannot move.
* * * LOW HITPOINT WARNING * * *
You feel sick.
An iguana comes into view.
* * * LOW HITPOINT WARNING * * *
You feel sick.
* * * LOW HITPOINT WARNING * * *
You feel sick.
You die...

..##......###
.......[....# #
.!.##......# .# .
..##†....# ##.##.. #.
#...[.# .......
.###.##.....# .......
.......#.#########.......
........†.........#######
...l....♣########........
.........###########.....
.......<.>.†.....###.....
.........#######.........
.........# #####.....
........## #.....
........# #.....
......... ######
.........


You could see an iguana (wandering).

Vanquished Creatures
  Sigmund (D:3)
  A scorpion (D:6)
  A howler monkey (D:6)
  2 hounds (D:6)
  3 adders
  3 worms
  3 dart slugs
  6 ball pythons
  3 bats
  6 endoplasms
  6 giant cockroaches
  5 hobgoblins
  4 quokkas
  2 frilled lizards (D:3)
  2 goblins (D:1)
  7 kobolds
  5 rats
60 creatures vanquished.

Vanquished Creatures (others)
  7 fungi (D:6)
7 creatures vanquished.

Grand Total: 67 creatures vanquished

Notes
Turn   | Place    | Note
-------+----------+-------------------------------------------
     0 | D:1      | zdrol the Minotaur Monk began the quest for the Orb.
     0 | D:1      | Reached XP level 1. HP: 19/19 MP: 0/0
    98 | D:1      | Reached XP level 2. HP: 14/27 MP: 1/1
   488 | D:2      | Identified the +4 flail "Oxis" {vorpal, rElec rN+}
   600 | D:2      | Reached XP level 3. HP: 33/33 MP: 2/2
   605 | D:2      | Reached skill level 1 in Maces & Flails
   610 | D:2      | Found an iron altar of Okawaru.
   639 | D:2      | Became a worshipper of Warmaster Okawaru
   639 | D:2      | Reached * piety under Okawaru
   639 | D:2      | Reached ** piety under Okawaru
   747 | D:2      | Reached skill level 2 in Maces & Flails
   850 | D:2      | Found a faded altar of an unknown god.
  1340 | D:3      | Reached skill level 3 in Maces & Flails
  1340 | D:3      | Reached XP level 4. HP: 27/40 MP: 3/3
  1539 | D:3      | Noticed Sigmund
  1551 | D:3      | Killed Sigmund
  1552 | D:3      | Reached skill level 5 in Maces & Flails
  1552 | D:3      | Reached XP level 5. HP: 22/46 MP: 4/4
  1943 | D:3      | Reached skill level 6 in Maces & Flails
  2456 | D:5      | Entered Level 5 of the Dungeon
  2457 | D:5      | Found a white marble altar of Elyvilon.
  2474 | D:5      | Noticed a centaur
  2501 | D:6      | Reached XP level 6. HP: 10/52 MP: 2/5
  2588 | D:6      | Reached skill level 7 in Maces & Flails
  2589 | D:6      | HP: 2/52 [poisoned by a scorpion]
  2594 | D:6      | Succumbed to a scorpion's poison

Illustrated notes

Levels and vault maps discovered:
D:1:      minmay_arrival_arboretum_small, layout_loops_corners, minivault_19,
          minmay_hexomino_f4
D:2:      layout_basic, hellmonk_ecumenical_altar_arch_garden, basic_altar,
          minivault_23
D:3:      layout_loops_ring, uniq_sigmund
D:4:      layout_rooms, hangedman_decor_diamond_cutter, uniq_grinder, uniq_ijyb
D:5:      layout_rooms, mainiacjoe_overflow_cross_hatched, marbit_many_paths,
          minmay_overflow_temple_hex, portal_sewer_entry_f, dk_noncrumbling_2
D:6:      layout_rooms, serial_aquarium, aquarium_bridge_long_separate
          [aquarium_subvault_wall, aquarium_subvault_bridge,
          aquarium_subvault_wall, aquarium_subvault_wall,
          aquarium_subvault_wall, aquarium_subvault_bridge],
          aquarium_window_corner, aquarium_window_fake, aquarium_view_2d,
          item_on_display_a

Skill      XL: |  1  2  3  4  5  6 |
---------------+-------------------+-----
Axes           | 4 |  4.2
Fighting       | 4 |  4.0
Maces & Flails | 3 5 6 7 |  7.3
Dodging        | |  3.6
Stealth        | |  1.7

Action                   |  1- 3 |  4- 6 || total
-------------------------+-------+-------++-------
Melee: Hand axe          |    30 |       ||    30
       Flail             |    31 |    37 ||    68
       Headbutt          |     4 |     5 ||     9
       Punch             |     2 |     1 ||     3
Invok: Heroism           |       |     1 ||     1
  Use: Potion            |       |     2 ||     2
       Scroll            |       |     1 ||     1
 Stab: Sleeping          |     4 |     1 ||     5
       Distracted        |       |     1 ||     1
Armor: Robe              |    19 |     3 ||    22
Dodge: Dodged            |    50 |    32 ||    82
